 Dungeon Crawl Stone Soup version 0.26-a0-665-gefeb406119 (webtiles) character file.

Game seed: 16602235655783038737

230 somkeydreadnuts the Grasshopper (level 6, -5/50 HPs)
             Began as a Gnoll Warper on Oct 15, 2020.
             Slain by Grinder (6 damage)
             ... on level 3 of the Dungeon.
             The game lasted 00:10:25 (2797 turns).

somkeydreadnuts the Grasshopper (Gnoll Warper)      Turns: 2797, Time: 00:10:27

Health: -5/50      AC:  6    Str: 13    XL:     6   Next: 3%
Magic:  13/13      EV: 13    Int: 15    God:
Gold:   206        SH:  0    Dex: 17    Spells: 13/15 levels left

rFire    . . .     SeeInvis .   a - +0 hand axe
rCold    . . .     Faith    .   (no shield)
rNeg     . . .     Spirit   .   p - +0 ring mail
rPois    .         Reflect  .   j - +0 helmet
rElec    .         Harm     .   (no cloak)
rCorr    .         Rampage  .   (no gloves)
MR       .....                  (no boots)
Stlth    +.........             r - amulet of inaccuracy (curse)
HPRegen  0.16/turn              (no ring)
MPRegen  0.13/turn              (no ring)

@: no status effects
A: distributed training, fangs 1, strong nose
a: no special abilities


You were on level 3 of the Dungeon.
You visited 1 branch of the dungeon, and saw 3 of its levels.

You collected 206 gold pieces.

Inventory:

Hand Weapons
 a - a +0 hand axe (weapon)
 i - a +0 club
Missiles
 e - 5 boomerangs of dispersal
 f - 15 arrows
 g - 19 poisoned darts (quivered)
 l - 65 sling bullets
Armour
 b - a +0 leather armour
 j - a +0 helmet (worn)
 p - a +0 ring mail (worn)
Jewellery
 r - a cursed amulet of inaccuracy (around neck)
Scrolls
 d - 2 scrolls of blinking
Potions
 c - a potion of degeneration {unknown}
 h - a potion of heal wounds {unknown}
 m - a potion of berserk rage {unknown}
 n - 5 potions of curing
 o - 2 potions of stabbing {unknown}
 q - a potion of lignification {unknown}


   Skills:
 + Level 4.9 Fighting
 + Level 1.7 Short Blades
 + Level 1.7 Long Blades
 + Level 4.9 Axes
 + Level 1.7 Maces & Flails
 + Level 1.7 Polearms
 + Level 1.7 Staves
 + Level 1.7 Slings
 + Level 1.7 Bows
 + Level 1.7 Crossbows
 + Level 3.1 Throwing
 + Level 3.1 Armour
 + Level 4.9 Dodging
 + Level 1.7 Stealth
 + Level 1.7 Shields
 + Level 1.7 Unarmed Combat
 + Level 5.3 Spellcasting
 + Level 1.3 Conjurations
 + Level 1.3 Hexes
 + Level 1.3 Summonings
 + Level 1.3 Necromancy
 + Level 5.6 Translocations
 + Level 1.3 Transmutations
 + Level 1.3 Fire Magic
 + Level 1.3 Ice Magic
 + Level 1.3 Air Magic
 + Level 1.3 Earth Magic
 + Level 1.3 Poison Magic
 + Level 2.0 Invocations
 + Level 1.7 Evocations


You had 13 spell levels left.
You knew the following spells:

 Your Spells              Type           Power        Failure   Level
a - Blink                 Tloc           N/A          4%          2

Your spell library contained the following spells:

 Spells                   Type           Power        Failure   Level
 Gell's Gravitas          Tloc           ###.......   10%         3
 Lesser Beckoning         Tloc           ###.......   10%         3
 Teleport Other           Tloc           ###.....     10%         3
 Passage of Golubria      Tloc           N/A          32%         4


Dungeon Overview and Level Annotations

Branches:
Dungeon (3/15)

Altars:
Qazlal
Ru

Annotations:
D:3 Grinder


Innate Abilities, Weirdness & Mutations

Your experience applies equally to all skills.
You have very sharp teeth.
Your uncanny sense of smell can sniff out nearby items.


Message History

Throwing (i - inventory. (/) - cycle)
g - 22 poisoned darts (quivered)
Press: ? - help, Shift-Dir - straight line, f/p - Grinder
Aim: Grinder (heavily wounded)
You throw a poisoned dart. The poisoned dart misses Grinder.
Throwing (i - inventory. (/) - cycle)
g - 21 poisoned darts (quivered)
Press: ? - help, Shift-Dir - straight line, f/p - Grinder
Aim: Grinder (heavily wounded)
You throw a poisoned dart. The poisoned dart hits Grinder.
Grinder is heavily wounded.
Grinder hits you.
* * * LOW HITPOINT WARNING * * *
You writhe in agony.
* * * LOW HITPOINT WARNING * * *
Throwing (i - inventory. (/) - cycle)
g - 20 poisoned darts (quivered)
Press: ? - help, Shift-Dir - straight line, f/p - Grinder
Aim: Grinder (heavily wounded)
You throw a poisoned dart. The poisoned dart hits Grinder.
Grinder is heavily wounded.
Grinder hits you.
You die...

##### ##.!.##
##....(## #.#
#.(.!..(# #.#
#......(# #.#
#...5.(.# #.#
###..@(.# #.#
#####.##...## #.#
#......##'####### #.#
#.###............ #<#
#.##.............
#)###.#..............
#).........##+#######
#.###.#...## #.#
#.##.##


You could see Grinder.

Vanquished Creatures
  Jessica (D:2)
  Natasha (thrice) (D:2)
  2 orc wizards (D:3)
  2 adders (D:2)
  A shadow imp (D:2)
  An ooze (D:1)
  A worm (D:2)
  A leopard gecko (D:1)
  3 orcs (D:3)
  2 giant cockroaches
  A goblin (D:1)
  4 hobgoblins (D:1)
  8 kobolds
  A quokka (D:2)
  8 bats
  4 frilled lizards
  6 rats
49 creatures vanquished.

Notes
Turn   | Place    | Note
-------+----------+-------------------------------------------
     0 | D:1      | somkeydreadnuts the Gnoll Warper began the quest for the
                  | Orb.
     0 | D:1      | Reached XP level 1. HP: 20/20 MP: 6/6
   265 | D:1      | Reached XP level 2. HP: 22/26 MP: 7/7
   631 | D:1      | Reached XP level 3. HP: 31/31 MP: 9/9
   644 | D:1      | Reached skill level 5 in Spellcasting
  1000 | D:2      | Noticed Jessica
  1027 | D:2      | Killed Jessica
  1027 | D:2      | Reached skill level 1 in Short Blades
  1027 | D:2      | Reached skill level 1 in Long Blades
  1027 | D:2      | Reached skill level 1 in Maces & Flails
  1027 | D:2      | Reached skill level 1 in Polearms
  1027 | D:2      | Reached skill level 1 in Staves
  1027 | D:2      | Reached skill level 1 in Slings
  1027 | D:2      | Reached skill level 1 in Bows
  1027 | D:2      | Reached skill level 1 in Crossbows
  1027 | D:2      | Reached skill level 1 in Stealth
  1027 | D:2      | Reached skill level 1 in Shields
  1027 | D:2      | Reached skill level 1 in Unarmed Combat
  1027 | D:2      | Reached skill level 1 in Invocations
  1027 | D:2      | Reached skill level 1 in Evocations
  1074 | D:2      | Reached XP level 4. HP: 35/38 MP: 11/11
  1173 | D:2      | Learned a level 2 spell: Blink
  1537 | D:2      | Noticed Natasha
  1559 | D:2      | Killed Natasha
  1559 | D:2      | Reached skill level 1 in Conjurations
  1559 | D:2      | Reached skill level 1 in Hexes
  1559 | D:2      | Reached skill level 1 in Summonings
  1559 | D:2      | Reached skill level 1 in Necromancy
  1559 | D:2      | Reached skill level 1 in Transmutations
  1559 | D:2      | Reached skill level 1 in Fire Magic
  1559 | D:2      | Reached skill level 1 in Ice Magic
  1559 | D:2      | Reached skill level 1 in Air Magic
  1559 | D:2      | Reached skill level 1 in Earth Magic
  1559 | D:2      | Reached skill level 1 in Poison Magic
  1665 | D:2      | Noticed Natasha
  1682 | D:2      | Killed Natasha
  1682 | D:2      | Reached XP level 5. HP: 17/43 MP: 12/12
  1693 | D:2      | Noticed a fire elemental
  1700 | D:2      | Found a stormy altar of Qazlal.
  1703 | D:2      | Noticed a water elemental
  1703 | D:2      | Noticed an air elemental
  1806 | D:2      | Noticed Natasha
  1818 | D:2      | Killed Natasha
  2192 | D:2      | Found a sacrificial altar of Ru.
  2661 | D:3      | Reached XP level 6. HP: 34/50 MP: 13/13
  2769 | D:3      | Noticed Grinder
  2796 | D:3      | HP: 1/50 [Grinder (2)]
  2797 | D:3      | Slain by Grinder

Illustrated notes

Levels and vault maps discovered:
D:1:      sevenhm_arrival_forest_fort_small_5, layout_basic,
          corexii_item_surrounded_by_moat, minmay_pentomino_w4
D:2:      layout_basic, nicolae_qazlal_style_of_elements, serial_glass,
          glass_columns_a, glass_columns_a, feat_on_display,
          due_unseen_surprise, item_on_display_a, feat_on_display,
          nicolae_ru_sacrificial_ziggurat, uniq_jessica, uniq_natasha
D:3:      kennysheep_six_static_rooms, layout_loops_ring, vehumet_crystals,
          uniq_sigmund, uniq_grinder

Skill      XL: |  1  2  3  4  5 |
---------------+----------------+-----
Spellcasting   | 5 |  5.3
Short Blades   | 1 |  1.7
Long Blades    | 1 |  1.7
Maces & Flails | 1 |  1.7
Polearms       | 1 |  1.7
Staves         | 1 |  1.7
Slings         | 1 |  1.7
Bows           | 1 |  1.7
Crossbows      | 1 |  1.7
Stealth        | 1 |  1.7
Shields        | 1 |  1.7
Unarmed Combat | 1 |  1.7
Invocations    | 1 2 |  2.0
Evocations     | 1 |  1.7
Conjurations   | 1 |  1.3
Hexes          | 1 |  1.3
Summonings     | 1 |  1.3
Necromancy     | 1 |  1.3
Transmutations | 1 |  1.3
Fire Magic     | 1 |  1.3
Ice Magic      | 1 |  1.3
Air Magic      | 1 |  1.3
Earth Magic    | 1 |  1.3
Poison Magic   | 1 |  1.3
Throwing       | 3 |  3.1
Armour         | 3 |  3.1
Fighting       | |  4.9
Axes           | |  4.9
Dodging        | |  4.9
Translocations | |  5.6

Action                   |  1- 3 |  4- 6 || total
-------------------------+-------+-------++-------
Melee: Hand axe          |    64 |   109 ||   173
       Bite              |     5 |     8 ||    13
       Punch             |       |     1 ||     1
Throw: Dart              |     1 |    16 ||    17
 Cast: Blink             |       |     5 ||     5
  Use: Scroll            |       |     2 ||     2
Armor: Leather armour    |    21 |       ||    21
       Ring mail         |       |    25 ||    25
Dodge: Dodged            |    65 |    77 ||   142

Table legend: (Time is in decaauts)
 A = Elapsed time spent in this place.
 B = Non-inter-level travel time spent in this place.
 C = Inter-level travel time spent in this place.
 D = Time resting spent in this place.
 E = Time spent auto-exploring this place.
 F = Levels seen in this place.
 G = Mean time per level.
                   A        B        C        D        E       F      G
               +--------+--------+--------+--------+--------+-----+--------+
         Total |   2809 |   2791 |     18 |      0 |   2096 |   3 |  936.3 |
       Dungeon |   2809 |   2791 |     18 |      0 |   2096 |   3 |  936.3 |
               +--------+--------+--------+--------+--------+-----+--------+

Top non-repeatable levels by time:
     D:2: 1669 daAuts
     D:1: 983 daAuts
     D:3: 156 daAuts
